 Dungeon Crawl Stone Soup version 0.21.1-1-g345015f (webtiles) character file.

1353 letownia2 the Spear-Bearer (level 8, 0/60 HPs)
             Began as a Merfolk Skald on Mar 16, 2018.
             Was a Priest of Cheibriados.
             Slain by a mummy (16 damage)
             ... in an ossuary.
             The game lasted 00:14:44 (1974 turns).

letownia2 the Spear-Bearer (Merfolk Skald)          Turns: 1974, Time: 00:14:45

Health: 0/60       AC:  6    Str: 20    XL:     8   Next: 63%
Magic:  9/12       EV: 15    Int: 22    God:    Cheibriados [***...]
Gold:   183        SH:  0    Dex: 21    Spells: 0/13 levels left

rFire    . . .     SeeInvis .   b - +0 trident
rCold    + . .     Gourm    .   (no shield)
rNeg     . . .     Faith    .   g - +2 leather armour {rPois}
rPois    +         Spirit   .   (no helmet)
rElec    .         Reflect  .   (no cloak)
rCorr    .         Harm     .   B - +0 pair of gloves
MR       .....                  (no boots)
Stlth    ++........             (no amulet)
HPRegen  0.20/turn              k - ring of protection from cold
MPRegen  0.13/turn              t - ring of poison resistance

@: very slow
A: change form in water, swift swim, stealthy swim
a: Bend Time, Temporal Distortion, Renounce Religion


You were in an ossuary.
You worshipped Cheibriados.
Cheibriados was most pleased with you.
You were hungry.

You visited 1 branch of the dungeon, and saw 7 of its levels.
You also visited: Sewer and Ossuary.

You collected 183 gold pieces.

Inventory:

Hand Weapons
 a - a +2 short sword of venom
 b - a +0 trident (weapon)
 j - a +0 blowgun
 x - a +0 scythe
 D - a +0 dagger of holy wrath
Missiles
 p - 33 poisoned needles
 y - 14 sling bullets
Armour
 g - a +2 leather armour of poison resistance (worn)
 q - a +0 ring mail
 v - a +0 chain mail
 B - a +0 pair of gloves (worn)
 E - a +0 scale mail
Jewellery
 k - a ring of protection from cold (left hand)
 t - a ring of poison resistance (right hand)
Wands
 l - a wand of acid (3)
 m - a wand of paralysis (17)
Scrolls
 e - 6 scrolls of remove curse
 o - a scroll of enchant armour {unknown}
 s - 3 scrolls of identify
 u - 2 scrolls of magic mapping
 C - a scroll of holy word {unknown}
Potions
 f - 2 potions of heal wounds {unknown}
 h - a potion of agility {unknown}
 i - 2 potions of flight {unknown}
 r - a potion of ambrosia {unknown}
 w - a potion of might {unknown}
 z - a potion of curing
Books
 c - a book of Battle

   Spells                             Type                      Level
   a - Infusion                       Charms                       1
   b - Shroud of Golubria             Charms/Translocation         2
   c - Song of Slaying                Charms                       2
   d - Spectral Weapon                Hexes/Charms                 3
   e - Regeneration                   Charms/Necromancy            3
 n - a book of Geomancy

   Spells                             Type                      Level
   a - Sandblast                      Earth                        1
   b - Passwall                       Transmutation/Earth          2
   c - Stone Arrow                    Conjuration/Earth            3
   d - Petrify                        Transmutation/Earth          4
   e - Lee's Rapid Deconstruction     Earth                        5
Comestibles
 d - 8 rations


   Skills:
 - Level 4.1 Fighting
 + Level 8.8 Polearms
 - Level 0.6 Armour
 - Level 4.1 Dodging
 - Level 3.0 Spellcasting
 - Level 1.5 Hexes
 - Level 6.4 Charms
 - Level 1.0 Necromancy
 - Level 1.2 Translocations
 + Level 3.5 Transmutations
 - Level 1.0 Earth Magic
 + Level 0.9 Invocations


You couldn't memorise any spells.
You knew the following spells:

 Your Spells              Type           Power        Failure   Level  Hunger
a - Infusion              Chrm           ####         1%          1    None
g - Regeneration          Chrm/Necr      ###.......   10%         3    ###....
l - Song of Slaying       Chrm           ####....     1%          2    ##.....
t - Shroud of Golubria    Chrm/Tloc      ###.......   4%          2    ##.....
w - Passwall              Tmut/Erth      ##........   9%          2    ##.....
x - Spectral Weapon       Hex/Chrm       ###.....     9%          3    ###....


Dungeon Overview and Level Annotations

Branches:
Dungeon (7/15)
 Temple: D:4-7

Altars:
Cheibriados
Qazlal

Shops:
D:6 (

Annotations:
D:6 shugdite's ghost, novice MiGl


Message History

Unknown command.
You hit Menkaure but do no damage.
Menkaure is almost destroyed.
Menkaure gestures at you while chanting.
You struggle to resist.
Unknown command.
You hit Menkaure.
Menkaure is almost destroyed.
Menkaure calls on the powers of darkness!
Your body is wracked with pain!
* * * LOW HITPOINT WARNING * * *
Unknown command.
You puncture Menkaure!
You destroy Menkaure!
Cheibriados appreciates the change of pace.
Unknown command.
You hit the mummy.
The mummy is severely damaged.
The mummy hits you!
You die...

.##..##..####..##..##..##
##..##..##!.##..##..##..##
#..##..## !!##..##..##..##
..##..## .?##..##.^##^.## .##..##
..##..##..##..## ##..##
..##..##..##..## #..##
..##..##..##..##
..##############'M##..##..##.^##
................@..##..##..##..##
######################^.##..##..#
........^..............^.##..##..
############################..##.
...............................##
#################################


You could see a mummy.

Vanquished Creatures
  Menkaure (Ossuary)
  The ghost of inc the Digger, an amateur OpEE of Gozag (D:4)
  An ice beast (D:5)
  A phantom (D:6)
  An ogre (D:4)
  A crocodile (Sewer)
  A big kobold (D:5)
  6 killer bees (D:7)
  A howler monkey (D:6)
  A crimson imp (D:7)
  A centaur skeleton (D:5)
  A hound (D:7)
  A jelly (D:7)
  A bullfrog skeleton (D:6)
  An iguana (D:4)
  3 orc wizards (D:7)
  2 worker ants (D:4)
  2 mummies (Ossuary)
  5 adders
  2 gnolls (D:5)
  A worm (D:5)
  5 dart slugs
  A leopard gecko (D:1)
  12 orcs
  3 ball pythons
  A giant cockroach (D:1)
  5 gnoll zombies (Ossuary)
  2 hobgoblins
  4 jackals
  9 kobolds
  2 quokkas
  12 bats
  4 frilled lizards
  2 gnoll skeletons (Ossuary)
  3 goblin skeletons (Ossuary)
  2 goblin zombies (Ossuary)
  3 hobgoblin skeletons (Ossuary)
  2 hobgoblin zombies (Ossuary)
  4 kobold skeletons (Ossuary)
  2 kobold zombies (Ossuary)
  4 orc zombies (Ossuary)
  2 quokka skeletons
  2 rats
  A rat skeleton (Ossuary)
122 creatures vanquished.

Vanquished Creatures (others)
  A gnoll zombie (Ossuary)
  A gnoll skeleton (Ossuary)
  5 goblin skeletons (Ossuary)
  3 goblin zombies (Ossuary)
  2 kobold skeletons (Ossuary)
  2 orc skeletons (Ossuary)
  2 orc zombies (Ossuary)
  2 rat skeletons (Ossuary)
  4 rat zombies (Ossuary)
  2 spectral weapons
24 creatures vanquished.

Grand Total: 146 creatures vanquished

Notes
Turn   | Place    | Note
-------+----------+-------------------------------------------
     0 | D:1      | letownia2 the Merfolk Skald began the quest for the Orb.
     0 | D:1      | Reached XP level 1. HP: 16/16 MP: 3/3
    88 | D:1      | Reached XP level 2. HP: 22/22 MP: 0/5
   138 | D:2      | Learned a level 2 spell: Shroud of Golubria
   187 | D:2      | Found a snail-covered altar of Cheibriados.
   190 | D:2      | Became a worshipper of Cheibriados the Contemplative
   232 | D:2      | Reached skill level 1 in Translocations
   279 | D:2      | Reached XP level 3. HP: 26/27 MP: 6/6
   287 | D:2      | Learned a level 3 spell: Spectral Weapon
   355 | D:4      | Reached skill level 1 in Hexes
   358 | D:4      | Reached XP level 4. HP: 17/34 MP: 2/7
   500 | D:3      | Reached * piety under Cheibriados
   545 | D:4      | Noticed inc's ghost (amateur OpEE)
   583 | D:4      | Killed inc's ghost
   583 | D:4      | Reached XP level 5. HP: 42/42 MP: 3/8
   617 | D:4      | Reached XP level 6. HP: 21/48 MP: 0/9
   627 | D:4      | Learned a level 3 spell: Regeneration
   777 | D:4      | HP: 2/48 [ogre/giant club (15)]
   780 | D:4      | Reached skill level 5 in Charms
   780 | D:4      | Reached skill level 1 in Necromancy
   856 | D:5      | Entered Level 5 of the Dungeon
   921 | D:5      | Reached XP level 7. HP: 51/54 MP: 3/11
  1039 | D:5      | Reached skill level 4 in Polearms
  1071 | D:5      | Reached skill level 5 in Polearms
  1100 | D:6      | Reached ** piety under Cheibriados
  1107 | D:6      | Found Xogroax's Antique Weapon Boutique.
  1165 | D:5      | Learned a level 2 spell: Song of Slaying
  1172 | D:5      | Found a glowing drain.
  1196 | Sewer    | Entered a sewer
  1241 | Sewer    | Reached skill level 6 in Polearms
  1344 | D:6      | Found a stormy altar of Qazlal.
  1388 | D:6      | Noticed shugdite's ghost (novice MiGl)
  1506 | D:6      | Reached skill level 7 in Polearms
  1566 | D:7      | Reached XP level 8. HP: 58/60 MP: 4/12
  1596 | D:7      | Learned a level 2 spell: Passwall
  1636 | D:7      | Reached *** piety under Cheibriados
  1636 | D:7      | Reached skill level 1 in Transmutations
  1639 | D:7      | Reached skill level 8 in Polearms
  1639 | D:7      | Reached skill level 1 in Earth Magic
  1702 | D:7      | Found a sand-covered staircase.
  1710 | Ossuary  | Entered an ossuary
  1965 | Ossuary  | Noticed Menkaure
  1973 | Ossuary  | Killed Menkaure
  1974 | Ossuary  | Slain by a mummy

Skill      XL: |  1  2  3  4  5  6  7  8 |
---------------+-------------------------+-----
Charms         | 4 5 6 |  6.4
Translocations | 1 |  1.2
Hexes          | 1 |  1.5
Fighting       | 3 4 |  4.1
Dodging        | 3 4 |  4.1
Necromancy     | 1 |  1.0
Spellcasting   | 3 |  3.0
Polearms       | 7 8 |  8.8
Transmutations | 3 |  3.5
Earth Magic    | 1 |  1.0
Armour         | |  0.6
Invocations    | |  0.9

Action                   |  1- 3 |  4- 6 |  7- 9 || total
-------------------------+-------+-------+-------++-------
Melee: Spear             |    35 |    14 |       ||    49
       Short sword       |    19 |    79 |    62 ||   160
       Trident           |       |       |   159 ||   159
       Dagger            |       |       |    24 ||    24
       Tailslap          |       |       |     1 ||     1
 Cast: Infusion          |     6 |     3 |       ||     9
       Shroud of Golubri |     2 |     9 |    10 ||    21
       Spectral Weapon   |       |     1 |    11 ||    12
       Regeneration      |       |     5 |     7 ||    12
       Song of Slaying   |       |       |     1 ||     1
Evoke: Wand              |       |     3 |     1 ||     4
  Use: Scroll            |       |     1 |     4 ||     5
 Stab: Distracted        |     1 |       |     3 ||     4
       Paralysed         |       |     5 |     2 ||     7
       Sleeping          |       |       |     2 ||     2
  Eat: Chunk             |       |     2 |     4 ||     6
Armor: Leather armour    |     8 |    20 |    50 ||    78
       Ring mail         |       |     4 |       ||     4
Dodge: Dodged            |    29 |    64 |   147 ||   240
